 Dungeon Crawl Stone Soup version 0.28-a0-1199-gef9e1dbd39 (webtiles) character file.

Game seed: 7274793506028702544

18 Peloso the Covered (level 2, -4/27 HPs)
             Began as a Minotaur Fighter on Dec 19, 2021.
             Slain by an ogre (22 damage)
             ... on level 2 of the Dungeon.
             The game lasted 00:01:43 (490 turns).

Peloso the Covered (Minotaur Fighter)                Turns: 490, Time: 00:01:44

Health: -4/27      AC:  8    Str: 20    XL:     2   Next: 51%
Magic:  1/1        EV:  9    Int:  5    God:
Gold:   22         SH:  4    Dex:  9    Spells: 1/1 levels left

rFire   . . .      SeeInvis .   a - +0 long sword
rCold   . . .      Faith    .   c - +0 buckler
rNeg    . . .      Spirit   .   b - +0 scale mail
rPois   .          Reflect  .   (helmet restricted)
rElec   .          Harm     .   (no cloak)
rCorr   .          Rampage  .   e - +0 pair of gloves
Will    .....                   (no boots)
Stlth   ..........              (no amulet)
HPRegen 0.09/turn               (no ring)
MPRegen 0.07/turn               (no ring)

@: no status effects
A: horns 2, retaliatory headbutt
a: no special abilities


You were on level 2 of the Dungeon.
You visited 1 branch of the dungeon, and saw 2 of its levels.

You collected 22 gold pieces.

Inventory:

Hand Weapons
 a - a +0 long sword (weapon)
Armour
 b - a +0 scale mail (worn)
 c - a +0 buckler (worn)
 e - a +0 pair of gloves (worn)
Scrolls
 f - a scroll of teleportation {unknown}
 h - a scroll of fear {unknown}
Potions
 d - a potion of might
 g - 2 potions of degeneration {unknown}


   Skills:
 + Level 3.7 Fighting
 + Level 2.7 Long Blades
 + Level 4.3 Armour
 + Level 3.9 Shields


You had one spell level left.
You didn't know any spells.
Your spell library was empty.

Dungeon Overview and Level Annotations

Branches:
Dungeon (2/15)

Altars:

Annotations:
D:2 Sigmund


Innate Abilities, Weirdness & Mutations

You have a pair of horns on your head.
You reflexively headbutt those who attack you in melee.


Message History

You barely miss the kobold. You headbutt the kobold.
You kill the kobold!
Things that are here:
a +0 club; 2 stones Done exploring.
Done exploring.
Done exploring.
(D) Dungeon
Where to? (? - help)
What level of the Dungeon? (default 1, ? - help)
Things that are here:
a +0 club; 2 stones
There is a stone staircase leading down here.
You climb downwards.
There is a stone staircase leading up here.
Sorry, I don't know how to get there.
An ogre comes into view. It is wielding a +0 giant club.
The ogre shouts!
You hear a shout!
The ogre moves out of view.
An ogre is nearby!
An ogre is nearby!
Sigmund the Dreaded comes into view.
He is wielding a +1 scythe of protection.
Sigmund laughs darkly.
A rat and a hobgoblin come into view.
The hobgoblin shouts!
The hobgoblin moves out of view.
The rat moves out of view.
A rat comes into view.
A worm comes into view.
The rat moves out of view.
You block the worm's attack.
Sigmund breathes a few words.
Sigmund's hands start flickering wildly.
Sigmund hits you from afar with a +1 scythe of protection!
You block Sigmund's attack.
Sigmund mumbles some strange words.
Sigmund flickers and vanishes!
Deactivating autopickup; reactivate with Ctrl-A.
There is a stone staircase leading up here.
The ogre hits you with a +0 giant club!!
Ouch! That really hurt!
You die...

### #.. #.# #.#
#####.#
#.....####
#.####.O@#
#.#..#{####.#
#....#......#
#.w.........#
####.g########.#
#..#....# #
#.....#.#
#.#####g#
#..rg...#


You could see an ogre.

Vanquished Creatures
  2 ball pythons (D:1)
  2 endoplasms (D:1)
  2 goblins (D:1)
  3 hobgoblins (D:1)
  2 jackals (D:1)
  2 bats (D:1)
  A kobold (D:1)
  3 rats (D:1)
17 creatures vanquished.

Notes
Turn   | Place    | Note
-------+----------+-------------------------------------------
     0 | D:1      | Peloso the Minotaur Fighter began the quest for the Orb.
     0 | D:1      | Reached XP level 1. HP: 19/19 MP: 0/0
   148 | D:1      | Reached skill level 4 in Armour
   176 | D:1      | Reached XP level 2. HP: 27/27 MP: 1/1
   259 | D:1      | Found a faded altar of an unknown god.
   459 | D:2      | Noticed an ogre
   464 | D:2      | Noticed Sigmund
   490 | D:2      | Slain by an ogre

Illustrated notes

Levels and vault maps discovered:
D:1:      dpeg_arrival_rhombus, layout_rooms, ebering_ecumenical_altar_box,
          minmay_tetromino_i2
D:2:      layout_basic, minmay_misc_feat_encased, kennysheep_generic_room_5,
          uniq_sigmund

Skill      XL: |  1 |
---------------+----+-----
Armour         | 4 |  4.3
Fighting       | |  3.7
Long Blades    | |  2.7
Shields        | |  3.9

Action                   || total
-------------------------++-------
Melee: Long sword        ||    32
       Headbutt          ||     5
Armor: Scale mail        ||    15
Dodge: Dodged            ||    18
Block: Buckler           ||    13

Table legend: (Time is in decaauts)
 A = Elapsed time spent in this place.
 B = Non-inter-level travel time spent in this place.
 C = Inter-level travel time spent in this place.
 D = Time resting spent in this place.
 E = Time spent auto-exploring this place.
 F = Levels seen in this place.
 G = Mean time per level.
                   A        B        C        D        E       F      G
               +--------+--------+--------+--------+--------+-----+--------+
         Total |    499 |    482 |     17 |      0 |    311 |   2 |  249.5 |
       Dungeon |    499 |    482 |     17 |      0 |    311 |   2 |  249.5 |
               +--------+--------+--------+--------+--------+-----+--------+

Top non-repeatable levels by time:
     D:1: 467 daAuts
     D:2: 31 daAuts
